 Dungeon Crawl Stone Soup version 0.27.1-15-g792fb953b9 (webtiles) character file.

Game seed: 17811912376331700926

6 zeram the Grave Robber (level 1, 0/13 HPs)
             Began as a Demonspawn Necromancer on Nov 19, 2021.
             Slain by a goblin (2 damage)
             ... on level 1 of the Dungeon.
             The game lasted 00:00:47 (713 turns).

zeram the Grave Robber (Demonspawn Necromancer)      Turns: 713, Time: 00:00:47

Health: 0/13       AC:  3    Str:  8    XL:     1   Next: 75%
Magic:  3/3        EV: 12    Int: 16    God:
Gold:   30         SH:  0    Dex: 13    Spells: 3/4 levels left

rFire    . . .     SeeInvis .   e - +0 dagger
rCold    . . .     Faith    .   (no shield)
rNeg     . . .     Spirit   .   a - +0 robe
rPois    .         Reflect  .   f - +0 helmet
rElec    .         Harm     .   (no cloak)
rCorr    .         Rampage  .   (no gloves)
Will     .....                  (no boots)
Stlth    ++........             (no amulet)
HPRegen  0.04/turn              (no ring)
MPRegen  0.08/turn              (no ring)

@: no status effects
A: no striking features
a: no special abilities


You were on level 1 of the Dungeon.
You visited 1 branch of the dungeon, and saw 1 of its levels.

You collected 30 gold pieces.

Inventory:

Hand Weapons
 e - a +0 dagger (weapon)
Armour
 a - a +0 robe (worn)
 f - a +0 helmet (worn)
Scrolls
 b - 2 scrolls of noise {unknown}
 d - a scroll of fear {unknown}
Potions
 c - a potion of lignification {unknown}


   Skills:
 + Level 1.7 Dodging
 - Level 1.7 Stealth
 + Level 2.0 Spellcasting
 + Level 4.7 Necromancy


You had 3 spell levels left.
You knew the following spells:

 Your Spells              Type           Power      Damage    Failure   Level
a - Pain                  Necr           64%        1d7       3%          1

Your spell library contained the following spells:

 Spells                   Type           Power      Damage    Failure   Level
 Animate Skeleton         Necr           32%        N/A       3%          1
 Vampiric Draining        Necr           8%         2d7       9%          3
 Animate Dead             Necr           8%         N/A       28%         4
 Agony                    Necr           16%        N/A       63%         5


Dungeon Overview and Level Annotations

Branches:
Dungeon (1/15)

Altars:


Message History

A goblin comes into view. It is wielding a +0 dagger.
A goblin is nearby!
A goblin is nearby!
A goblin is nearby!
A goblin is nearby!
The goblin shouts!
You hear an angry hiss.
An endoplasm comes into view.
The endoplasm quivers.
A ball python comes into view.
You hit the goblin but do no damage. The goblin closely misses you.
You closely miss the goblin. The goblin misses you.
A goblin comes into view.
It is wielding a +2 dagger of protection.
You hit the endoplasm but do no damage. The goblin hits you with a +0 dagger.
The endoplasm barely misses you.
You hit the endoplasm but do no damage. The goblin hits you but does no damage.
The endoplasm misses you.
You hit the endoplasm but do no damage. The goblin hits you with a +0 dagger.
The endoplasm freezes you.
You are frozen.
You completely miss the endoplasm. The goblin barely misses you.
The endoplasm barely misses you.
You hit the endoplasm.
The endoplasm is lightly wounded.
The goblin hits you with a +0 dagger.
The endoplasm hits you but does no damage.
You are too injured to fight recklessly!
You are too injured to fight recklessly!
You are too injured to fight recklessly!
You are too injured to fight recklessly!
You hit the goblin.
The goblin is heavily wounded.
The goblin hits you with a +0 dagger.
You closely miss the goblin.
The goblin is heavily wounded.
The goblin hits you with a +0 dagger.
* * * LOW HITPOINT WARNING * * *
You closely miss the goblin.
The goblin is heavily wounded.
The goblin hits you with a +0 dagger.
You die...

#.# ... ..# #######
..# #.....# .. #.....#
.# .# #.....#
####S#..#
##.....###.@gJg.#
#....[..##.#####..8.
#.##.##.##.# . #
#.##.##.##.## #
#.##........### ###
#.#####.........#
...###.#####..#..##.##
# #.##........#..##.#
# #......#.......##.#


You could see an endoplasm, 2 goblins and a ball python.

Vanquished Creatures
  2 endoplasms (D:1)
  A giant cockroach (D:1)
  A frilled lizard (D:1)
  2 rats (D:1)
6 creatures vanquished.

Notes
Turn   | Place    | Note
-------+----------+-------------------------------------------
     0 | D:1      | zeram the Demonspawn Necromancer began the quest for the
                  | Orb.
     0 | D:1      | Reached XP level 1. HP: 13/13 MP: 3/3
   713 | D:1      | Slain by a goblin

Illustrated notes

Levels and vault maps discovered:
D:1:      dpeg_arrival_short_road, layout_loops_cross,
          shapermc_ecumenical_altar_venn, kennysheep_pointless_box,
          minmay_statues_item

Action                   || total
-------------------------++-------
Melee: Dagger            ||    22
       Unarmed           ||     1
 Cast: Pain              ||     3
 Stab: Sleeping          ||     2
Armor: Robe              ||     5
Dodge: Dodged            ||    13
